 Dungeon Crawl Stone Soup version 0.27-a0-1325-g58a489ad9e (webtiles) character file.

Game seed: 12649471204708660781

68422 Nattfarinn the Warrior (level 15, -17/118 HPs)
             Began as an Octopode Venom Mage on June 23, 2021.
             Was a High Priest of Yredelemnul.
             Shot with an arrow by a centaur warrior (19 damage)
             ... on level 13 of the Dungeon on June 24, 2021.
             The game lasted 01:05:23 (26262 turns).

Nattfarinn the Warrior (Octopode Venom Mage)       Turns: 26262, Time: 01:05:24

Health: -17/118    AC:  4    Str: 13    XL:     15   Next: 26%
Magic:  22/38      EV: 20    Int: 29    God:    Yredelemnul [*****.]
Gold:   1300       SH:  0    Dex: 19    Spells: 19/32 levels left

rFire    . . .     SeeInvis +   B - +11 shortbow of Ru's Indignation {venom, Will+}
rCold    . . .     Faith    .   (shield currently unavailable)
rNeg     . . .     Spirit   .   Q - +3 hat of Pondering {ponderous, Will+ MP+10 Int+5}
rPois    .         Reflect  .   N - amulet of regeneration
rElec    .         Harm     .   y - ring of see invisible
rCorr    .         Rampage  .   E - +6 ring of dexterity
Will     +++..                  c - +6 ring of strength
Stlth    +++.......             (no ring)
HPRegen  1.29/turn              (no ring)
MPRegen  0.26/turn              (no ring)
                                (no ring)
                                (no ring)

@: lethally poisoned (-17 -> -18), slow
A: almost no armour, amphibious, 8 rings, camouflage 1, gelatinous body 1,
(nimble swimmer 1), tentacles
a: Renounce Religion, Recall Undead Slaves, Injury Mirror, Animate Dead, Drain
Life, Enslave Soul


You were on level 13 of the Dungeon.
You worshipped Yredelemnul.
Yredelemnul was extremely pleased with you.
You visited 3 branches of the dungeon, and saw 20 of its levels.

You collected 1300 gold pieces.

Inventory:

Hand Weapons
 B - the +11 shortbow of Ru's Indignation (weapon) {venom, Will+}
   (You found it on level 8 of the Dungeon)

   It poisons the ammo it fires.
   It increases your willpower.
Missiles
 h - 14 atropa-tipped darts
 r - a throwing net
 C - 236 arrows (quivered ammo)
Armour
 Q - the +3 hat of Pondering (worn) {ponderous, Will+ MP+10 Int+5}
   (You took it off Gastronok on level 3 of the Lair of Beasts)

   It affects your intelligence (+5).
   It affects your magic capacity (+10).
   It increases your willpower.
Jewellery
 c - a +6 ring of strength (on tentacle)
 e - a ring of ice
 t - an amulet of guardian spirit
 y - a ring of see invisible (left tentacle)
 E - a +6 ring of dexterity (right tentacle)
 N - an amulet of regeneration (around mantle)
Wands
 l - a wand of flame (101)
 v - a wand of iceblast (25)
 G - a wand of digging (6)
 P - a wand of mindburst (14)
Scrolls
 a - 3 scrolls of vulnerability
 d - a scroll of silence
 f - 2 scrolls of identify
 m - 3 scrolls of enchant armour
 p - 2 scrolls of teleportation
 s - 2 scrolls of amnesia
 u - 2 scrolls of brand weapon
 w - 3 scrolls of immolation
 z - a scroll of fear
 D - 3 scrolls of magic mapping
 K - 2 scrolls of enchant weapon
Potions
 b - 5 potions of curing
 g - 4 potions of might
 i - 4 potions of flight
 k - 8 potions of brilliance
 o - 5 potions of magic
 q - 2 potions of lignification
 x - 3 potions of invisibility {unknown}
 F - 3 potions of berserk rage
 H - 5 potions of attraction
 I - a potion of cancellation {unknown}
 L - 4 potions of haste
 O - 4 potions of resistance
 R - a potion of ambrosia {unknown}
Miscellaneous
 j - a phial of floods
 n - a lightning rod (4/4)
 A - a condenser vane


   Skills:
 - Level 16.5 Fighting
 + Level 12.4 Bows
 * Level 10.4 Dodging
 - Level 2.6 Stealth
 - Level 9.4 Spellcasting
 - Level 1.0 Transmutations
 - Level 7.1 Poison Magic
 - Level 6.3 Invocations


You had 19 spell levels left.
You knew the following spells:

 Your Spells              Type           Power      Damage    Failure   Level
a - Sting                 Tmut/Pois      100%       1d8       1%          1
b - Olgreb's Toxic Radia  Pois           53%        N/A       2%          4
c - Ignite Poison         Fire/Tmut/Pois 29%        N/A       4%          3
d - Call Imp              Summ           13%        N/A       6%          2
e - Tukima's Dance        Hex            13%        N/A       12%         3

Your spell library contained the following spells:

 Spells                   Type           Power      Damage    Failure   Level
 Poisonous Vapours        Pois/Air       68%        N/A       1%          2
 Animate Skeleton         Necr           26%        N/A       4%          1
 Corona                   Hex            14%        N/A       4%          1
 Foxfire                  Conj/Fire      52%        2x1d6     4%          1
 Pain                     Necr           52%        1d6       4%          1
 Summon Small Mammal      Summ           52%        N/A       4%          1
 Mephitic Cloud           Conj/Pois/Air  27%        N/A       4%          3
 Ensorcelled Hibernation  Hex/Ice        26%        N/A       6%          2
 Call Canine Familiar     Summ           13%        N/A       12%         3
 Confusing Touch          Hex            13%        N/A       12%         3
 Conjure Flame            Conj/Fire      13%        6-21      12%         3
 Dazzling Flash           Conj/Hex       26%        N/A       12%         3
 Inner Flame              Hex/Fire       13%        N/A       12%         3
 Summon Guardian Golem    Hex/Summ       13%        N/A       12%         3
 Vampiric Draining        Necr           6%         2d6       12%         3
 Animate Dead             Necr           6%         N/A       36%         4
 Sticky Flame             Conj/Fire      13%        2d4       36%         4
 Summon Ice Beast         Ice/Summ       13%        N/A       36%         4
 Summon Lightning Spire   Summ/Air       13%        N/A       36%         4
 Agony                    Necr           13%        N/A       73%         5
 Bolt of Magma            Conj/Fire/Erth 6%         4d6       73%         5
 Fireball                 Conj/Fire      6%         3d5       73%         5
 Iskenderun's Battlesphe  Conj           13%        2d7       73%         5
 Iron Shot                Conj/Erth      6%         9d2       99%         6
 Orb of Destruction       Conj           6%         9d3       100%        7
 Spellforged Servitor     Conj/Summ      6%         N/A       100%        7


Dungeon Overview and Level Annotations

Branches:
Dungeon (13/15)            Temple (1/1) D:5            Lair (6/6) D:9
 Shoals (0/4) Lair:4       Spider (0/4) Lair:4        Slime (0/5) Lair:5
    Orc (0/2) D:12         Vaults (0/5) D:13

Altars:
Ashenzari
Cheibriados
Dithmenos
Elyvilon
Fedhas
Gozag
Hepliaklqana
Kikubaaqudgha
Makhleb
Nemelex Xobeh
Okawaru
Qazlal
Ru
Sif Muna
Trog
Uskayaw
Vehumet
Wu Jian
Xom
Yredelemnul
Zin
The Shining One
Jiyva

Shops:
D:1 *

Annotations:
Lair:1 1 runed translucent door, xXDeathSunXx's ghost, journeyman TrFi
Lair:5 1 runed translucent door
Lair:6 2 transporters, 1 runed translucent door, Froggeryz's ghost, journeyman OpBe


Innate Abilities, Weirdness & Mutations

You cannot wear most types of armour.
You are amphibious.
You can wear up to eight rings at the same time.
Your skin changes colour to match your surroundings (Stealth+).
Your rubbery body absorbs attacks. (AC +1, EV +1)
((You are camouflaged near water. (Stealth+)))
You have tentacles for arms and can constrict up to eight enemies at once.


Message History

Unknown command.
Unknown command.
Unknown command.
Unknown command.
Unknown command.
Unknown command.
Unknown command.
Unknown command.
Unknown command.
Unknown command.
Unknown command.
Unknown command.
As you read the scroll of fear, it crumbles to dust.
You assume a fearsome visage.
The deep troll earth mage looks frightened!
The queen bee looks frightened!
The centaur warrior resists with some effort.
The killer bee looks frightened! x2; The basilisk looks frightened!
The meliai looks frightened!
The killer bee looks frightened!
The ogre mage looks frightened!
The boulder beetle looks frightened!
The centaur warrior resists with some effort.
The boulder beetle looks frightened!
The killer bee looks frightened! x2
The meliai looks frightened!
You feel sick. The centaur warrior misses you.
The centaur warrior barely misses you.
The ogre mage pleads, "Please!
I have a lot of children!"
The ogre mage gestures wildly while chanting.
The ogre mage flickers and vanishes for a moment.
The boulder beetle leaps! x2
A meliai comes into view. It is wielding a +0 hand axe.
The centaur warrior hits you!
* * * LOW HITPOINT WARNING * * *
The centaur warrior closely misses you.
The boulder beetle moves out of view.
Okay, then.
You fail to use your ability.
You feel sick. The centaur warrior misses you. The centaur warrior kicks you.
* * * LOW HITPOINT WARNING * * *
The centaur warrior wields a +0 shortbow.
The centaur warrior shoots an arrow.
The arrow hits you!!
You die...
Your body rises from the dead as a mindless zombie.

#.# #.# #<# #
#.# .## #.##
..l# #... .
.).yy #.##
...y#####.....#
####
...y...@...y.y#
#
####c.°yc#####.
# #y..#...# #
### ##.....## #
(.. #. Ty##
#### (.. .#####
#... #○R ..
#.## ..)#####
.. #####W##
#y...##
#.......


You could see 2 centaur warriors, a deep troll earth mage (fleeing), a queen bee
(fleeing), a basilisk (fleeing), 3 meliai and 5 killer bees.

Vanquished Creatures
  Gastronok (Lair:3)
  A rakshasa (D:11)
  A fire dragon (D:13)
  2 boulder beetles
  8 hydras
  Erica (D:10)
  5 centaur warriors (D:13)
  An ogre mage (D:13)
  3 two-headed ogres
  A death knight (D:13)
  4 death yaks (Lair:6)
  3 tengu warriors (D:13)
  Urug (Lair:5)
  A fire crab (Lair:4)
  2 lindwurms (Lair:6)
  A deep elf pyromancer (D:12)
  Pikel (D:4)
  An ugly thing (D:13)
  An orb spider (Lair:4)
  4 oklob plants (Lair:1)
  A cyclops (D:13)
  2 manticores (D:12)
  Maurice (D:10)
  2 black mambas (Lair:6)
  20 elephants
  6 torpor snails (Lair:6)
  9 cane toads
  2 unseen horrors
  2 kobold demonologists (D:9)
  3 rime drakes (Lair:2)
  7 komodo dragons
  A freezing wraith (D:13)
  An efreet (D:12)
  3 meliai (D:13)
  A troll (D:11)
  3 polar bears
  2 tyrant leeches (Lair:6)
  A troll (shapeshifter) (D:13)
  8 hornets
  11 blink frogs
  3 slime creatures (D:12)
  7 dream sheep
  A water elemental (D:11)
  2 shadows
  A wraith (D:13)
  5 wyverns
  32 yaks
  4 basilisks
  A vampire mosquito (D:13)
  3 steam dragons
  Duvessa (D:7)
  17 water moccasins
  5 orc warriors
  13 wolves
  A necrophage (D:6)
  2 ogres
  5 centaurs
  4 phantoms
  2 lemures (D:4)
  5 kobold brigands
  Blork the orc (D:6)
  8 bullfrogs
  A scorpion (D:5)
  Dowan (D:7)
  2 gnoll sergeants
  A water moccasin zombie (D:3)
  A water moccasin skeleton (D:4)
  15 killer bees
  3 wights (D:8)
  4 electric eels (D:11)
  A bullfrog zombie (D:5)
  6 centaur zombies
  2 hounds
  7 orc priests
  3 jellies
  A bullfrog skeleton (D:4)
  A centaur skeleton (D:5)
  2 iguanas
  12 orc wizards
  A killer bee zombie (D:6)
  A hound zombie (D:5)
  3 howler monkey zombies
  4 adders
  16 gnolls
  A shadow imp (D:7)
  A white imp (D:8)
  2 ufetubi
  2 worms
  2 dart slugs
  42 orcs
  9 endoplasms
  7 giant cockroaches
  41 goblins
  26 hobgoblins
  4 jackals
  29 kobolds
  5 quokkas
  13 ball pythons
  5 bats
  3 frilled lizards
  8 rats
540 creatures vanquished.

Vanquished Creatures (collateral kills)
  A death yak (Lair:6)
  An oklob plant (Lair:6)
  2 cane toads
  A tyrant leech (Lair:6)
  A shadow (D:11)
  3 yaks
  A basilisk (Lair:6)
  A wight (D:8)
  An orc (D:12)
12 creatures vanquished.

Vanquished Creatures (others)
  A phantasmal warrior (D:13)
  4 flying skulls
  A wraith (D:13)
  A dancing weapon (D:13)
  A killer bee (D:13)
  A wight (Lair:6)
  2 mummies
  An orc zombie (Lair:5)
  41 fungi
  52 plants
  2 withered plants (Lair:1)
107 creatures vanquished.

Grand Total: 659 creatures vanquished

Notes
Turn   | Place    | Note
-------+----------+-------------------------------------------
     0 | D:1      | Nattfarinn the Octopode Venom Mage began the quest for the
                  | Orb.
     0 | D:1      | Reached XP level 1. HP: 11/11 MP: 3/3
   285 | D:1      | Reached XP level 2. HP: 17/17 MP: 3/5
   815 | D:1      | Found Lean's Assorted Antiques.
  1168 | D:2      | Found a broken altar of Ashenzari.
  1175 | D:2      | Reached skill level 5 in Poison Magic
  1175 | D:2      | Reached XP level 3. HP: 21/21 MP: 2/6
  2439 | D:3      | Reached XP level 4. HP: 23/27 MP: 3/7
  2677 | D:3      | Learned a level 4 spell: Olgreb's Toxic Radiance
  3295 | D:3      | Reached XP level 5. HP: 18/31 MP: 4/8
  4485 | D:4      | Reached skill level 1 in Fighting
  4485 | D:4      | Reached XP level 6. HP: 36/38 MP: 8/10
  4566 | D:4      | Noticed Pikel
  4927 | D:4      | Noticed a yak
  4927 | D:4      | Noticed a yak
  4928 | D:4      | Noticed a yak
  4929 | D:4      | Noticed a yak
  4948 | D:4      | Killed a yak
  4949 | D:4      | Reached skill level 2 in Fighting
  4950 | D:4      | Killed a yak
  4951 | D:4      | Reached XP level 7. HP: 45/45 MP: 0/13
  4954 | D:4      | Killed a yak
  4955 | D:4      | Reached skill level 3 in Fighting
  4958 | D:4      | Killed a yak
  4959 | D:4      | Reached skill level 5 in Spellcasting
  5090 | D:4      | Found a snail-covered altar of Cheibriados.
  5104 | D:4      | Reached XP level 8. HP: 47/54 MP: 7/16
  5181 | D:4      | Killed Pikel
  5182 | D:4      | Reached skill level 4 in Fighting
  5377 | D:4      | Found a white marble altar of Elyvilon.
  6017 | D:4      | Reached skill level 5 in Fighting
  6316 | D:4      | You fall into a shaft and drop 2 floors!
  6360 | D:6      | Noticed Blork the orc
  6436 | D:6      | Learned a level 3 spell: Ignite Poison
  6463 | D:5      | Entered Level 5 of the Dungeon
  6463 | D:5      | Found a staircase to the Ecumenical Temple.
  6469 | D:5      | Reached XP level 9. HP: 61/61 MP: 8/20
  6729 | Temple   | Entered the Ecumenical Temple
  6959 | D:5      | You fall into a shaft and drop 1 floor!
  8004 | D:5      | Reached skill level 6 in Fighting
  8130 | D:6      | Found a hide-covered altar of Uskayaw.
  8577 | D:6      | Learned a level 2 spell: Call Imp
  8879 | D:6      | Reached skill level 5 in Dodging
  8990 | D:6      | Found a basalt altar of Yredelemnul.
  9177 | D:6      | Became a worshipper of Yredelemnul the Dark
  9494 | D:6      | Killed Blork the orc
 10037 | D:7      | Noticed Duvessa
 10038 | D:7      | Noticed Dowan
 10044 | D:7      | Killed Duvessa
 10044 | D:7      | Killed Dowan
 10048 | D:7      | Reached skill level 7 in Fighting
 10242 | D:7      | You fall into a shaft and drop 1 floor!
 10260 | D:8      | Reached XP level 10. HP: 71/71 MP: 5/21
 10946 | D:8      | Reached * piety under Yredelemnul
 11096 | D:8      | Identified the +11 shortbow of Ru's Indignation {venom,
                  | Will+}
 11639 | D:7      | Reached skill level 1 in Invocations
 12223 | D:8      | Found a broken altar of Ashenzari.
 12360 | D:9      | Noticed a kobold demonologist
 12360 | D:9      | Noticed a kobold demonologist
 12364 | D:9      | Killed a kobold demonologist
 12364 | D:9      | Killed a kobold demonologist
 12486 | D:9      | Found a staircase to the Lair.
 12739 | D:9      | Reached skill level 5 in Invocations
 12840 | D:9      | Noticed a two-headed ogre
 12844 | D:9      | Killed a two-headed ogre
 12844 | D:9      | Reached ** piety under Yredelemnul
 13283 | D:10     | Entered Level 10 of the Dungeon
 13333 | D:10     | Found a blossoming altar of Fedhas.
 13382 | D:10     | Noticed Erica
 13386 | D:10     | Noticed Maurice
 13387 | D:10     | Killed Erica
 13388 | D:10     | Reached skill level 1 in Bows
 13388 | D:10     | Reached XP level 11. HP: 77/77 MP: 20/24
 13392 | D:10     | Killed Maurice
 13393 | D:10     | Reached skill level 8 in Fighting
 14041 | D:10     | Identified the +7 hunting sling of the Witching Puffin
                  | {speed, rCorr Str+3 Int+2 Dex-2}
 14274 | D:11     | Reached skill level 9 in Fighting
 14289 | D:11     | Noticed a rakshasa
 14407 | Lair:1   | Entered Level 1 of the Lair of Beasts
 14967 | Lair:1   | Reached skill level 10 in Fighting
 15099 | Lair:1   | Found a runed translucent door.
 15100 | Lair:1   | Noticed xXDeathSunXx's ghost (journeyman TrFi)
 15138 | Lair:1   | Noticed an oklob plant
 15142 | Lair:1   | Killed an oklob plant
 15158 | Lair:1   | Noticed an oklob plant
 15158 | Lair:1   | Noticed an oklob plant
 15207 | Lair:1   | Killed an oklob plant
 15208 | Lair:1   | Reached skill level 5 in Bows
 15239 | Lair:1   | Killed an oklob plant
 15248 | Lair:1   | Noticed an oklob plant
 15307 | Lair:1   | Killed an oklob plant
 15538 | Lair:2   | Reached XP level 12. HP: 86/89 MP: 13/25
 15539 | Lair:2   | Reached skill level 11 in Fighting
 15903 | Lair:2   | Reached *** piety under Yredelemnul
 16369 | Lair:2   | Noticed a five-headed hydra
 16379 | Lair:2   | Killed a five-headed hydra
 16768 | Lair:3   | Noticed a seven-headed hydra
 16775 | Lair:3   | Killed a seven-headed hydra
 16776 | Lair:3   | Reached skill level 12 in Fighting
 16973 | Lair:3   | Received a gift from Yredelemnul (a mummy)
 17641 | Lair:3   | Noticed Gastronok
 17655 | Lair:3   | Killed Gastronok
 17656 | Lair:3   | Reached skill level 13 in Fighting
 17841 | Lair:3   | Noticed a five-headed hydra
 17849 | Lair:3   | Killed a five-headed hydra
 17850 | Lair:3   | Reached XP level 13. HP: 99/99 MP: 26/26
 18195 | Lair:4   | Reached skill level 14 in Fighting
 18466 | Lair:4   | Found a hole to the Spider Nest.
 18470 | Lair:4   | Received a gift from Yredelemnul (a mummy)
 18669 | Lair:4   | Found a staircase to the Shoals.
 19240 | Lair:5   | Noticed Urug
 19248 | Lair:5   | Killed Urug
 19649 | Lair:5   | Your ally Urug died
 19675 | Lair:5   | Reached **** piety under Yredelemnul
 19837 | Lair:5   | Found a runed translucent door.
 19837 | Lair:5   | Found a viscous altar of Jiyva.
 19947 | Lair:5   | Noticed an acid blob
 19949 | Lair:5   | Found a staircase to the Slime Pits.
 20110 | Lair:6   | Entered Level 6 of the Lair of Beasts
 20113 | Lair:6   | Received a gift from Yredelemnul (a mummy)
 20313 | Lair:6   | Found a sparkling altar of Nemelex Xobeh.
 20326 | Lair:6   | Received a gift from Yredelemnul (a wight)
 20343 | Lair:6   | Reached skill level 15 in Fighting
 20343 | Lair:6   | Reached skill level 10 in Bows
 20769 | Lair:6   | Reached XP level 14. HP: 72/110 MP: 24/27
 20967 | Lair:6   | Received a gift from Yredelemnul (2 flying skulls)
 20973 | Lair:6   | Noticed Froggeryz's ghost (journeyman OpBe)
 21299 | Lair:6   | Reached skill level 16 in Fighting
 21514 | Lair:6   | Found a transporter.
 21518 | Lair:6   | Found a transporter.
 21638 | Lair:6   | Found a runed translucent door.
 21875 | Lair:6   | Received a gift from Yredelemnul (2 flying skulls)
 22300 | Lair:6   | Learned a level 3 spell: Tukima's Dance
 22580 | D:11     | Found an ornate altar of the Wu Jian Council.
 22743 | D:11     | Received a gift from Yredelemnul (a wraith)
 23197 | D:12     | Found a staircase to the Orcish Mines.
 23250 | D:12     | Reached ***** piety under Yredelemnul
 23415 | D:12     | Received a gift from Yredelemnul (a phantasmal warrior)
 25568 | D:13     | Reached XP level 15. HP: 97/118 MP: 28/28
 25671 | D:13     | Found a gate to the Vaults.
 26089 | D:13     | Reached skill level 10 in Dodging
 26261 | D:13     | HP: 3/118 [centaur warrior (12)]
 26262 | D:13     | Shot with an arrow by a centaur warrior

Illustrated notes

Levels and vault maps discovered:
D:1:      minmay_arrival_three_doors, layout_basic, serial_shops,
          nicolae_lakefront_shop
D:2:      layout_loops_cross, basic_altar, minmay_goblin_outpost
D:3:      layout_loops_corners
D:4:      minmay_goblin_kobold_castle, layout_basic, grunt_temple_overflow_open,
          uniq_pikel
D:5:      layout_gridville, minmay_temple_entry_large_hall
D:6:      layout_loops_corners, marbit_many_paths, nicolae_uskayaw_dance_studio,
          uniq_blork_the_orc
D:7:      layout_gridville, uniq_duvessa
D:8:      layout_gridville, ashenzari_altar_1
D:9:      layout_long_grid, dpeg_oklobed_lair
D:10:     layout_cave_pods, fedhas_altar_3, uniq_maurice, uniq_erica
D:11:     layout_big_octagon, nzn_wu_jian_contemplation
D:12:     layout_loops_cross, david_orc_4
D:13:     regret_index_combs_of_tragedy, layout_basic, david_vaults_2
Temple:   eino_temple_rhombus
Lair:1:   layout_big_grid, gammafunk_ghost_grave, minmay_lair_oklob_chamber,
          infiniplex_staircase_pool
Lair:2:   layout_loops_ring
Lair:3:   layout_hall_layers, grunt_megastairs_1, uniq_gastronok
Lair:4:   layout_gridlike, shoals_dummy_entry,
          nicolae_spider_entry_orb_guardian, grunt_megastairs_2
Lair:5:   layout_cave_pods, slime_altar_2, uniq_urug
Lair:6:   wormcave, layout_cave_pods, gammafunk_ghost_hive, basic_altar,
          chequers_serial_rivers_marsh, minivault_11

Skill      XL: |  1  2  3  4  5  6  7  8  9 10 11 12 13 14 15 |
---------------+----------------------------------------------+-----
Poison Magic   | 4 5 6 7 |  7.1
Fighting       | 1 2 3 5 7 10 13 15 16 | 16.5
Spellcasting   | 4 5 7 9 |  9.4
Dodging        | 6 9 10 | 10.4
Invocations    | 6 |  6.3
Bows           | 1 5 8 10 12 | 12.4
Stealth        | |  2.6
Transmutations | |  1.0

Action                   |  1- 3 |  4- 6 |  7- 9 | 10-12 | 13-15 || total
-------------------------+-------+-------+-------+-------+-------++-------
Melee: Unarmed           |    27 |    29 |       |       |       ||    56
       Constrict         |    10 |    18 |    27 |     7 |       ||    62
       Tentacles         |     5 |    17 |    28 |     5 |       ||    55
       Short sword       |       |    39 |   168 |    37 |       ||   244
       Shortbow          |       |       |       |       |     1 ||     1
 Fire: Shortbow          |       |       |       |   299 |   440 ||   739
 Cast: Sting             |    72 |    42 |    15 |    26 |    15 ||   170
       Olgreb's Toxic Ra |       |     4 |    30 |    23 |    37 ||    94
       Ignite Poison     |       |       |     6 |    56 |    71 ||   133
       Call Imp          |       |       |    12 |    12 |     2 ||    26
       Tukima's Dance    |       |       |       |       |     1 ||     1
Invok: Animate Dead      |       |       |       |       |     1 ||     1
Evoke: Wand              |       |       |    18 |       |     2 ||    20
  Use: Scroll            |       |     5 |     8 |       |    14 ||    27
       Potion            |       |       |     2 |       |     6 ||     8
 Stab: Sleeping          |       |     1 |    10 |     2 |       ||    13
Armor: Skin              |     6 |    17 |    16 |    22 |    29 ||    90
Dodge: Dodged            |    38 |    53 |   120 |   158 |   190 ||   559

Table legend: (Time is in decaauts)
 A = Elapsed time spent in this place.
 B = Non-inter-level travel time spent in this place.
 C = Inter-level travel time spent in this place.
 D = Time resting spent in this place.
 E = Time spent auto-exploring this place.
 F = Levels seen in this place.
 G = Mean time per level.
                   A        B        C        D        E       F      G
               +--------+--------+--------+--------+--------+-----+--------+
         Total |  26831 |  24498 |   2333 |   4149 |  17155 |  20 | 1341.6 |
       Dungeon |  18058 |  16458 |   1600 |   3081 |  11128 |  13 | 1389.1 |
        Temple |    199 |    178 |     21 |      0 |    178 |   1 |  199.0 |
          Lair |   8572 |   7861 |    711 |   1068 |   5849 |   6 | 1428.7 |
               +--------+--------+--------+--------+--------+-----+--------+

Top non-repeatable levels by time:
     D:4: 2421 daAuts
  Lair:6: 2173 daAuts
     D:6: 1996 daAuts
     D:3: 1624 daAuts
  Lair:1: 1554 daAuts
  Lair:3: 1465 daAuts
    D:11: 1367 daAuts
     D:5: 1327 daAuts
     D:2: 1324 daAuts
    D:13: 1300 daAuts
  Lair:5: 1292 daAuts
     D:8: 1229 daAuts
     D:7: 1129 daAuts
    D:10: 1114 daAuts
     D:9: 1108 daAuts
